[Event "Titled Tuesday Blitz April 05 Early 2022"]
[White "Dukic, Zachary"]
[Black "Kalogridis, Antonios"]
[WhiteFideId "2617188"]
[BlackFideId "25833901"]
[WhiteElo "2086"]
[BlackElo "1596"]
[Result "0-1"]
[Round "05"]
[TimeControl "180+1"]
[Date "2022.04.05"]
[WhiteClock "0:00:01"]
[BlackClock "0:00:18"]

1. e4 c6 2. d4 d5 3. Nd2 g6 4. Ngf3 Bg7 5. c3 dxe4 6. Nxe4 Nf6 7. Bd3 O-O 8. O-O Nxe4 9. Bxe4 Nd7 10. Re1 Nf6 11. Bc2 Bg4 12. h3 Bxf3 13. Qxf3 a5 14. Bf4 Nd5 15. Bh2 a4 16. Rad1 b5 17. a3 Qd7 18. Bb1 Nb6 19. Ba2 e6 20. Qe2 Nd5 21. g4 Bh6 22. Qe4 Rae8 23. Bg3 f5 24. Qe5 fxg4 25. hxg4 Bf4 26. Qe4 Bxg3 27. fxg3 Qd6 28. Kg2 Nf6 29. Qxe6+ Rxe6 30. Rxe6 Qb8 31. Re8+ Kg7 32. Rxb8 Rxb8 33. Re1 Nxg4 34. Re7+ Kh6 35. Kf3 Kg5 36. Rxh7 Rf8+ 37. Rf7 Re8 38. Rc7 Re3+ 39. Kg2 Re2+ 40. Kf3 Re3+ 41. Kg2 Re2+ 42. Kf3 Rxb2 43. Be6 Nh2+ 44. Ke4 Nf1 45. Kd3 Rd2+ 46. Ke4 Nxg3+ 47. Kf3 Rd3+ 48. Kf2 Rxc3 49. d5 cxd5 0-1


[Site "https://www.chess.com"]

[Event "Titled Tuesday Blitz April 05 Early 2022"]
[White "Estrada Nieto, Julian"]
[Black "Iskusnyh, Sergei"]
[WhiteFideId "5101018"]
[BlackFideId "4120027"]
[WhiteElo "2252"]
[BlackElo "2492"]
[Result "0-1"]
[Round "05"]
[TimeControl "180+1"]
[Date "2022.04.05"]
[WhiteClock "0:00:02"]
[BlackClock "0:00:20"]

1. e4 e6 2. d4 d5 3. Nd2 c5 4. exd5 exd5 5. Ngf3 Nc6 6. Bb5 cxd4 7. Nxd4 Bd7 8. Qe2+ Be7 9. N2f3 Nf6 10. O-O O-O 11. Bg5 Re8 12. Bxc6 bxc6 13. Qd3 h6 14. Bh4 Ne4 15. Bxe7 Qxe7 16. Rfe1 Qf6 17. b4 a5 18. a3 Bg4 19. Rab1 axb4 20. axb4 Bh5 21. h3 Bg6 22. Qe3 Nd6 23. Qc3 Nc4 24. Rxe8+ Rxe8 25. Re1 Ra8 26. b5 c5 27. Ne2 Qxc3 28. Nxc3 d4 29. Ne4 Rc8 30. Nh4 Bh7 31. f3 g5 32. Nf6+ Kg7 33. Nxh7 gxh4 34. Re4 Kxh7 35. Rxh4 Ne3 36. Rh5 Nxc2 37. b6 c4 0-1


[Site "https://www.chess.com"]

[Event "Titled Tuesday Blitz April 05 Early 2022"]
[White "Ezat, Mohamed"]
[Black "Buscar, Michael"]
[WhiteFideId "10600906"]
[BlackFideId "2603616"]
[WhiteElo "2386"]
[BlackElo "2010"]
[Result "1-0"]
[Round "05"]
[TimeControl "180+1"]
[Date "2022.04.05"]
[WhiteClock "0:00:40"]
[BlackClock "0:00:14"]

1. d4 d5 2. c4 e6 3. Nc3 Nf6 4. cxd5 exd5 5. Bg5 Be7 6. e3 a6 7. Bd3 O-O 8. Nge2 Nbd7 9. O-O Re8 10. Nf4 c6 11. Qc2 Nf8 12. Rab1 g6 13. b4 Ne6 14. Nxe6 Bxe6 15. Na4 Nd7 16. Bxe7 Qxe7 17. Nc5 b5 18. Rbc1 Nxc5 19. Qxc5 Qxc5 20. Rxc5 Bd7 21. a4 Kf8 22. Rfc1 f5 23. Kf1 Ke7 24. Ke2 Kd6 25. f3 Reb8 26. Ra1 Re8 27. Kd2 Rab8 28. g3 Re7 29. axb5 axb5 30. Ra6 Rbe8 31. Bxb5 Rxe3 32. Rcxc6+ Bxc6 33. Rxc6+ Kd7 34. Rc3+ Kd6 35. Rxe3 Rb8 36. Be2 Rxb4 37. Kc3 Ra4 38. Bd1 Rc4+ 39. Kd3 Rc1 40. Re1 Ra1 41. Kd2 Kd7 42. Bc2 Ra3 43. Re3 Ra1 44. Re1 Ra3 45. f4 Rf3 46. Bd3 Rf2+ 47. Re2 Rf3 48. Rg2 g5 49. Ke2 g4 50. Rg1 Ke6 51. Rb1 1-0


[Site "https://www.chess.com"]

[Event "Titled Tuesday Blitz April 05 Early 2022"]
[White "Fernandez Siles, Luis"]
[Black "Antonio, Jorge Carlos"]
[WhiteFideId "2209420"]
[BlackFideId "113190"]
[WhiteElo "2212"]
[BlackElo "2247"]
[Result "1-0"]
[Round "05"]
[TimeControl "180+1"]
[Date "2022.04.05"]
[WhiteClock "0:00:25"]
[BlackClock "0:00:23"]

1. e4 c5 2. c3 e6 3. d4 cxd4 4. cxd4 d5 5. e5 Ne7 6. Nc3 Ng6 7. Nf3 Bb4 8. h4 Ne7 9. h5 h6 10. Bd3 Nbc6 11. Be3 Qb6 12. O-O Nf5 13. Bxf5 exf5 14. Nxd5 Qa5 15. Nf4 Be6 16. a3 Be7 17. Nxe6 fxe6 18. Qb3 Qd5 19. Qxd5 exd5 20. b4 Nd8 21. Rfc1 Ne6 22. g3 Kd7 23. Ne1 Rhc8 24. Nd3 b6 25. a4 Rc4 26. a5 b5 27. Rxc4 bxc4 28. Nc5+ Bxc5 29. bxc5 Rb8 30. f4 Rb3 31. Kf2 Rd3 32. Rb1 Kc7 33. a6 Rb3 34. Rg1 Rb2+ 35. Kf3 Rb3 36. Ke2 Rb2+ 37. Kf3 Rb3 38. Rd1 Kc6 39. g4 fxg4+ 40. Ke2 Rb2+ 41. Rd2 Rxd2+ 42. Kxd2 g3 43. f5 Nd8 44. Ke2 c3 45. Kf3 c2 46. Kxg3 Kb5 47. Kf4 Kc4 48. e6 Nc6 49. f6 gxf6 50. Kf5 Nxd4+ 51. Kxf6 Nc6 52. Bxh6 d4 53. Bg5 d3 54. h6 Kc3 55. h7 d2 56. Bxd2+ Kxd2 57. h8=Q c1=Q 58. Qh6+ Kc2 59. Qxc1+ Kxc1 60. e7 Nxe7 61. Kxe7 Kc2 62. c6 Kb3 63. c7 Kb4 64. c8=Q Ka5 65. Qb7 1-0


[Site "https://www.chess.com"]

[Event "Titled Tuesday Blitz April 05 Early 2022"]
[White "Ferreira, Vitor Hugo Vieira"]
[Black "Petrova, Irina"]
[WhiteFideId "2119765"]
[BlackFideId "14124122"]
[WhiteElo "2165"]
[BlackElo "1993"]
[Result "0-1"]
[Round "05"]
[TimeControl "180+1"]
[Date "2022.04.05"]
[WhiteClock "0:00:40"]
[BlackClock "0:00:36"]

1. Nf3 d6 2. d4 g6 3. Nc3 Bg7 4. e4 Nf6 5. Be2 O-O 6. O-O Nc6 7. Bg5 Bg4 8. h3 Bxf3 9. Bxf3 h6 10. Be3 e5 11. d5 Ne7 12. g4 Nd7 13. Bg2 f5 14. f4 fxg4 15. Qxg4 exf4 16. Bxf4 Ne5 17. Qe6+ Kh7 18. h4 Ng8 19. h5 g5 20. Bg3 Nf6 21. Bh3 Nxh5 22. Bf5+ Kh8 23. Bxe5 dxe5 24. Qg6 Rxf5 25. exf5 Nf4 26. Qf7 Qd6 27. Ne4 Qb6+ 28. Kh1 Rf8 29. Qd7 Qe3 30. Rxf4 exf4 31. Qe6 Qh3+ 32. Kg1 f3 33. Kf2 Qg2+ 34. Ke3 Qe2# 0-1


[Site "https://www.chess.com"]

[Event "Titled Tuesday Blitz April 05 Early 2022"]
[White "Gaehwiler, Gabriel"]
[Black "Skliarov, Viktor"]
[WhiteFideId "1314530"]
[BlackFideId "14106736"]
[WhiteElo "2383"]
[BlackElo "2229"]
[Result "1-0"]
[Round "05"]
[TimeControl "180+1"]
[Date "2022.04.05"]
[WhiteClock "0:00:23"]
[BlackClock "0:00:10"]

1. d4 Nf6 2. c4 e6 3. g3 c5 4. Nf3 cxd4 5. Nxd4 Nc6 6. Bg2 Qb6 7. Nc2 Ng4 8. e3 Nge5 9. b3 h5 10. h3 Be7 11. Nc3 a6 12. Rb1 d5 13. cxd5 Nb4 14. O-O Ned3 15. Nxb4 Nxb4 16. e4 exd5 17. a3 d4 18. Na4 Qf6 19. axb4 Be6 20. Bb2 Rd8 21. Nc5 b6 22. Nxe6 fxe6 23. Qd3 b5 24. Ra1 e5 25. f4 O-O 26. fxe5 Qxe5 27. Rxf8+ Bxf8 28. Rf1 Bxb4 29. Rf5 Qc7 30. Rd5 Rxd5 31. exd5 Bc3 32. d6 Qc5 33. d7 Ba5 34. Bxd4 Qd6 35. Qe3 Qxd7 36. Kh2 Bc7 37. Be5 Bd8 38. Qe4 h4 39. Qd5+ Qxd5 40. Bxd5+ Kf8 41. g4 Bf6 42. Bd6+ Ke8 43. Bc6+ Kf7 44. Kg2 Bc3 45. Kf3 b4 46. Ke4 Ke6 47. Bc5 a5 48. Bd5+ Kf6 49. Bc6 Kg5 50. Be3+ Kg6 51. Be8+ Kf6 52. Bb5 g5 53. Bb6 Kg6 54. Bxa5 Be1 55. Bb6 Kf6 56. Bd4+ Ke6 57. Bc4+ Ke7 58. Be5 Bd2 59. Kf5 Kd7 60. Bf6 Kc6 61. Bxg5 Bxg5 62. Kxg5 1-0


[Site "https://www.chess.com"]

[Event "Titled Tuesday Blitz April 05 Early 2022"]
[White "Goldin, Roman"]
[Black "Mkrtchyan, Mariam"]
[WhiteFideId "2803860"]
[BlackFideId "13310828"]
[WhiteElo "2312"]
[BlackElo "1984"]
[Result "0-1"]
[Round "05"]
[TimeControl "180+1"]
[Date "2022.04.05"]
[WhiteClock "0:00:02"]
[BlackClock "0:00:31"]

1. e4 c6 2. d4 d5 3. f3 e6 4. Nc3 Bb4 5. a3 Bxc3+ 6. bxc3 dxe4 7. Bc4 c5 8. d5 Nf6 9. dxe6 Qxd1+ 10. Kxd1 Bxe6 11. Bxe6 fxe6 12. Bg5 Nc6 13. Bxf6 gxf6 14. fxe4 O-O-O+ 15. Ke2 Rhg8 16. g3 Rg4 17. Ke3 f5 18. exf5 exf5 19. Nf3 Rc4 20. Rhd1 Rxc3+ 21. Kf4 Rg8 22. Rd2 h5 23. Nh4 Nd4 24. Re1 Rxa3 25. Re7 Rg4+ 26. Ke5 Nc6+ 27. Kd6 Nxe7 28. Kxe7 f4 29. Nf5 f3 30. Nd6+ Kb8 31. Nb5 Re3+ 32. Kf6 Rg8 0-1


[Site "https://www.chess.com"]

[Event "Titled Tuesday Blitz April 05 Early 2022"]
[White "Golubeva, Oksana"]
[Black "Stribuk, Artiom"]
[WhiteFideId "4170164"]
[BlackFideId "13515659"]
[WhiteElo "2162"]
[BlackElo "2259"]
[Result "0-1"]
[Round "05"]
[TimeControl "180+1"]
[Date "2022.04.05"]
[WhiteClock "0:00:01"]
[BlackClock "0:01:02"]

1. Nf3 d5 2. e3 c6 3. c4 Nf6 4. Nc3 e6 5. Qc2 Nbd7 6. b3 Bd6 7. g4 h6 8. Rg1 a6 9. h4 Qe7 10. g5 hxg5 11. hxg5 Nh5 12. a3 g6 13. Bb2 Rg8 14. Be2 b6 15. Nd4 Bb7 16. Bxh5 gxh5 17. g6 O-O-O 18. cxd5 c5 19. dxe6 fxe6 20. Nde2 Ne5 21. O-O-O Nf3 22. Rh1 h4 23. Ne4 Be5 24. Bxe5 Nxe5 25. Rxh4 Qxh4 26. f4 Ng4 27. Ng5 e5 28. Qf5+ Kb8 29. Nf7 Rde8 30. Rg1 Nh6 31. Nxh6 Qxh6 32. fxe5 Qg7 33. e6 Rgf8 34. Qg4 Ka8 35. Nc3 Rf6 0-1


[Site "https://www.chess.com"]

[Event "Titled Tuesday Blitz April 05 Early 2022"]
[White "Goryachkina, Aleksandra"]
[Black "Pinheiro, Iung Alicio de O."]
[WhiteFideId "4147103"]
[BlackFideId "2104350"]
[WhiteElo "2426"]
[BlackElo "2512"]
[Result "0-1"]
[Round "05"]
[TimeControl "180+1"]
[Date "2022.04.05"]
[WhiteClock "0:00:02"]
[BlackClock "0:00:08"]

1. e4 c5 2. Nf3 Nc6 3. Bb5 e6 4. O-O Nge7 5. c3 a6 6. Ba4 b5 7. Bc2 Bb7 8. a4 d5 9. d4 cxd4 10. Nxd4 b4 11. Nxc6 Bxc6 12. cxb4 dxe4 13. Qe2 f5 14. Bg5 Qb6 15. Nc3 Nd5 16. b5 axb5 17. axb5 Bb7 18. Bb3 Rxa1 19. Rxa1 Bc5 20. Na4 Qd6 21. Nxc5 Qxc5 22. Be3 Nxe3 23. Qxe3 Qxe3 24. fxe3 Ke7 25. Ra7 Rb8 26. Bc4 Kd6 27. b3 h6 28. Kf2 g5 29. Ke2 f4 30. Kd2 e5 31. Ra1 Kc5 32. Kc3 Rd8 33. b4+ Kb6 34. Re1 f3 35. g3 g4 36. Rc1 h5 37. Kb3 Rd2 0-1


[Site "https://www.chess.com"]

[Event "Titled Tuesday Blitz April 05 Early 2022"]
[White "Gracia Alvarez, Gerardo Antonio"]
[Black "Sahil, Tickoo"]
[WhiteFideId "5109124"]
[BlackFideId "5019710"]
[WhiteElo "2139"]
[BlackElo "2099"]
[Result "1-0"]
[Round "05"]
[TimeControl "180+1"]
[Date "2022.04.05"]
[WhiteClock "0:01:29"]
[BlackClock "0:00:18"]

1. e4 c5 2. Nc3 Nc6 3. Bb5 Nd4 4. Nf3 a6 5. Bd3 d6 6. Nxd4 cxd4 7. Ne2 e5 8. c3 dxc3 9. dxc3 Be7 10. O-O Nf6 11. Bg5 h6 12. Bxf6 Bxf6 13. Bc4 Be6 14. Bd5 Qc7 15. Ng3 O-O 16. Qd3 Qc5 17. Rfd1 Rfd8 18. Nf1 Bg5 19. a4 Bxd5 20. Qxd5 Qxd5 21. Rxd5 Kf8 22. Rad1 Ke7 23. g3 h5 24. f4 Bf6 25. Ne3 g6 26. R5d3 Rac8 27. Nd5+ Ke6 28. f5+ gxf5 29. exf5+ Kxf5 30. Rf3+ Kg4 31. Rxf6 Rc4 32. Ne3+ 1-0


[Site "https://www.chess.com"]

[Event "Titled Tuesday Blitz April 05 Early 2022"]
[White "Guz, Ari"]
[Black "Sergienko, Sergey"]
[WhiteFideId "2825759"]
[BlackFideId "4115791"]
[WhiteElo "1913"]
[BlackElo "2193"]
[Result "0-1"]
[Round "05"]
[TimeControl "180+1"]
[Date "2022.04.05"]
[WhiteClock "0:00:17"]
[BlackClock "0:00:18"]

1. e4 c5 2. Nf3 a6 3. c3 e6 4. d4 d5 5. Bd3 cxd4 6. cxd4 dxe4 7. Bxe4 Nf6 8. Bc2 Be7 9. O-O Nbd7 10. Nc3 O-O 11. Bf4 Nb6 12. Ne5 Nbd5 13. Bg3 Bd7 14. Nxd5 Nxd5 15. Qf3 Rc8 16. Rac1 Bc6 17. Be4 Bg5 18. Rc5 f5 19. Nxc6 bxc6 20. Bd3 Nb4 21. Be5 Nxd3 22. Qxd3 Bf6 23. Bxf6 Qxf6 24. Qc4 Rfd8 25. Rd1 Kh8 26. Rxc6 Rxc6 27. Qxc6 h6 28. Qc4 a5 29. h3 Rd5 30. b3 Qd8 31. Rd3 e5 32. a4 Rxd4 33. Rxd4 exd4 34. Kf1 d3 35. Ke1 Qe7+ 36. Kd2 Qe2+ 37. Kc3 Qc2+ 38. Kd4 Qxc4+ 0-1


[Site "https://www.chess.com"]

[Event "Titled Tuesday Blitz April 05 Early 2022"]
[White "Hansen, Eric"]
[Black "Chen, Qi b"]
[WhiteFideId "2606771"]
[BlackFideId "8614733"]
[WhiteElo "2568"]
[BlackElo "2432"]
[Result "0-1"]
[Round "05"]
[TimeControl "180+1"]
[Date "2022.04.05"]
[WhiteClock "0:00:03"]
[BlackClock "0:00:03"]

1. e4 c5 2. Nf3 Nc6 3. Bb5 g6 4. O-O Bg7 5. Bxc6 dxc6 6. h3 Nf6 7. d3 Nd7 8. Nc3 e5 9. a3 a5 10. Be3 a4 11. Qd2 O-O 12. Bh6 Re8 13. Bxg7 Kxg7 14. Ne2 f6 15. Qc3 Qe7 16. Nd2 b5 17. f4 exf4 18. Rxf4 Qe5 19. Raf1 Qxc3 20. Nxc3 Re6 21. R1f2 Ra7 22. g4 Ne5 23. Nd1 g5 24. Rf5 Rd6 25. Ne3 Kg6 26. Kg2 Bxf5 27. exf5+ Kg7 28. Ne4 Rd8 29. Nxc5 Kf7 30. Ne6 Re8 31. h4 h6 32. Kg3 Rb7 33. Rh2 Rxe6 34. fxe6+ Kxe6 35. h5 b4 36. Nf5 bxa3 37. bxa3 Rb1 38. Nxh6 Ra1 39. Re2 c5 40. Nf5 Rxa3 41. h6 Ra1 42. Rh2 Rg1+ 43. Kf2 Rxg4 44. h7 Nf7 45. Ng7+ Kd7 46. h8=Q Nxh8 47. Rxh8 c4 48. Ra8 cxd3 49. cxd3 Ke7 50. Nf5+ Ke6 51. Ne3 Rf4+ 52. Ke2 Kf7 53. Nd5 Rd4 54. Ra7+ Kg6 55. Ne7+ Kh5 56. Nf5 Rf4 57. Nd6 g4 58. Ne4 f5 59. Ng3+ Kh4 60. Nf1 g3 61. Rh7+ Kg5 62. Rg7+ Kf6 0-1


[Site "https://www.chess.com"]

[Event "Titled Tuesday Blitz April 05 Early 2022"]
[White "Heinemann, Josefine"]
[Black "Zaksaite, Salomeja"]
[WhiteFideId "12900460"]
[BlackFideId "12801496"]
[WhiteElo "2300"]
[BlackElo "1953"]
[Result "1-0"]
[Round "05"]
[TimeControl "180+1"]
[Date "2022.04.05"]
[WhiteClock "0:00:44"]
[BlackClock "0:00:03"]

1. Nf3 c5 2. e4 e6 3. d4 cxd4 4. Nxd4 Nf6 5. Nc3 Nc6 6. a3 Be7 7. g3 a6 8. Bg2 Qc7 9. O-O O-O 10. Re1 d6 11. Nxc6 bxc6 12. e5 dxe5 13. Qe2 Bd7 14. Qxe5 Qxe5 15. Rxe5 Nd5 16. Nxd5 cxd5 17. Bxd5 exd5 18. Rxe7 Be6 19. Be3 Rfc8 20. Rc1 Rab8 21. b4 Rc3 22. a4 Kf8 23. Ra7 Rxb4 24. Rxa6 Rcc4 25. a5 Ra4 26. Ra8+ Ke7 27. a6 Bh3 28. a7 d4 29. Bf4 d3 30. Re1+ Kf6 31. cxd3 Rc2 32. Be3 Rca2 33. Rb8 Ra1 34. Rbb1 Rxb1 35. Rxb1 Be6 36. Kg2 Bd5+ 37. f3 Ke6 38. Rb8 Ra2+ 39. Bf2 f5 40. h4 h6 41. Re8+ Kf7 42. Rd8 Ke6 43. h5 Kf7 44. Rxd5 1-0


[Site "https://www.chess.com"]

[Event "Titled Tuesday Blitz April 05 Early 2022"]
[White "Horcajuelo Rocamora, Martin"]
[Black "Iljin, Timofey"]
[WhiteFideId "24573027"]
[BlackFideId "14110180"]
[WhiteElo "1822"]
[BlackElo "2396"]
[Result "0-1"]
[Round "05"]
[TimeControl "180+1"]
[Date "2022.04.05"]
[WhiteClock "0:01:09"]
[BlackClock "0:02:00"]

1. e4 e5 2. Nf3 Nc6 3. Bb5 a6 4. Ba4 Nf6 5. d3 b5 6. Bb3 Bc5 7. O-O d6 8. c3 O-O 9. Nbd2 Bb6 10. Re1 Ne7 11. Nf1 Ng6 12. Ng3 c6 13. Be3 h6 14. a4 Be6 15. Bc2 Re8 16. h3 d5 17. exd5 cxd5 18. Bxb6 Qxb6 19. axb5 axb5 20. Rxa8 Rxa8 21. Nxe5 Nxe5 22. Rxe5 b4 23. d4 bxc3 24. bxc3 Rc8 25. Qd3 Qb2 26. Nh5 Rxc3 27. Nxf6+ gxf6 28. Qh7+ Kf8 29. Rxe6 fxe6 30. Bg6 Qc1+ 0-1


[Site "https://www.chess.com"]

[Event "Titled Tuesday Blitz April 05 Early 2022"]
[White "Hua, Lefong"]
[Black "Fikiet, Alex"]
[WhiteFideId "2602253"]
[BlackFideId "2052717"]
[WhiteElo "2597"]
[BlackElo "2436"]
[Result "0-1"]
[Round "05"]
[TimeControl "180+1"]
[Date "2022.04.05"]
[WhiteClock "0:00:14"]
[BlackClock "0:00:14"]

1. d4 d5 2. c4 dxc4 3. Nf3 a6 4. e3 Bg4 5. Bxc4 e6 6. h3 Bh5 7. O-O Nc6 8. Be2 Nf6 9. Nc3 Bd6 10. b3 O-O 11. Bb2 Qe7 12. Rc1 Rad8 13. Nd2 Bxe2 14. Qxe2 e5 15. d5 Nb8 16. e4 Nbd7 17. Nc4 Bc5 18. Rfd1 Ne8 19. a3 Nd6 20. b4 Ba7 21. Na5 Qh4 22. Rf1 f5 23. exf5 Rxf5 24. Rc2 Rdf8 25. Nd1 Ne4 26. Rc4 Rf4 27. Bc1 Nxf2 28. Bxf4 Nxh3+ 29. Kh1 Nf2+ 30. Kg1 Ng4+ 31. Be3 Qh2# 0-1


[Site "https://www.chess.com"]

[Event "Titled Tuesday Blitz April 05 Early 2022"]
[White "Ianov, Viktor"]
[Black "Paravyan, David"]
[WhiteFideId "14102730"]
[BlackFideId "4194985"]
[WhiteElo "2161"]
[BlackElo "2569"]
[Result "0-1"]
[Round "05"]
[TimeControl "180+1"]
[Date "2022.04.05"]
[WhiteClock "0:01:46"]
[BlackClock "0:01:19"]

1. Nf3 Nf6 2. g3 c5 3. Bg2 Nc6 4. c4 d5 5. O-O d4 6. d3 e5 7. e3 Be7 8. exd4 exd4 9. Re1 O-O 10. Bf4 Bd6 11. Ne5 Nxe5 12. Bxe5 Bxe5 13. Rxe5 Qd6 14. Re1 Bg4 15. Qb3 Rae8 16. Nd2 b6 17. Ne4 Nxe4 18. Bxe4 Re7 19. Bd5 Rfe8 20. Rxe7 Rxe7 21. Qa4 Qe5 22. Kg2 Qf5 23. Qc6 Bh3+ 24. Kg1 Qe5 25. Qa8+ Re8 26. Qxa7 Qe1+ 0-1


[Site "https://www.chess.com"]

[Event "Titled Tuesday Blitz April 05 Early 2022"]
[White "Ivanov, Mike"]
[Black "Matveeva, Olga"]
[WhiteFideId "2613158"]
[BlackFideId "24107018"]
[WhiteElo "2182"]
[BlackElo "2083"]
[Result "0-1"]
[Round "05"]
[TimeControl "180+1"]
[Date "2022.04.05"]
[WhiteClock "0:00:02"]
[BlackClock "0:00:13"]

1. e4 e6 2. d4 d5 3. e5 c5 4. c3 Nc6 5. Nf3 Qb6 6. Bd3 cxd4 7. O-O Bd7 8. Re1 Nge7 9. h4 Rc8 10. h5 g6 11. h6 Nf5 12. Bxf5 gxf5 13. cxd4 Rg8 14. Nc3 Be7 15. Rb1 Rg6 16. Be3 Kf8 17. Ne2 Kg8 18. Nf4 Rg4 19. a3 Kh8 20. b4 Rcg8 21. g3 f6 22. exf6 Bxf6 23. Ne5 Bxe5 24. dxe5 d4 25. Bd2 Ne7 26. a4 Ng6 27. Nxg6+ R4xg6 28. b5 Qc5 29. Qf3 d3 30. Bf4 Qd4 31. Qe3 Qd5 32. Rbd1 b6 33. Rxd3 Qb7 34. Red1 Bc8 35. Kh2 Qb8 36. Qf3 Bb7 37. Qe3 Be4 38. Rd4 Qb7 39. Rxe4 Qxe4 40. Qxe4 fxe4 41. Rd7 a5 0-1


[Site "https://www.chess.com"]

[Event "Titled Tuesday Blitz April 05 Early 2022"]
[White "Jaferian, Koosha"]
[Black "Polok, Kacper"]
[WhiteFideId "12507440"]
[BlackFideId "1137158"]
[WhiteElo "2030"]
[BlackElo "2224"]
[Result "1-0"]
[Round "05"]
[TimeControl "180+1"]
[Date "2022.04.05"]
[WhiteClock "0:00:34"]
[BlackClock "0:00:12"]

1. Nf3 e6 2. b3 f5 3. Bb2 Nf6 4. g3 Be7 5. Bg2 O-O 6. O-O d6 7. d4 Qe8 8. c4 Ne4 9. Nc3 Nxc3 10. Bxc3 Bf6 11. Qd2 Nc6 12. d5 Nd8 13. dxe6 Nxe6 14. Bxf6 Rxf6 15. e3 Bd7 16. Nd4 Nxd4 17. Qxd4 Bc6 18. Rfd1 Bxg2 19. Kxg2 Qe4+ 20. Kg1 Re8 21. Rac1 b6 22. Qd5+ Kh8 23. Rd4 Qe7 24. b4 h6 25. c5 dxc5 26. bxc5 Kh7 27. Rdc4 Rd8 28. Qf3 b5 29. Rf4 Qe5 30. a4 a6 31. Qb7 Qb2 32. Rf1 c6 33. Qxa6 Rd2 34. a5 Qa3 35. e4 Qxc5 36. exf5 Ra2 37. Qb6 Qxb6 38. axb6 Ra6 39. g4 Rxb6 40. h4 c5 41. g5 hxg5 42. hxg5 Rfc6 43. Kg2 b4 44. Re1 Rb8 45. Rfe4 b3 46. g6+ Kh6 47. f4 Rxg6+ 48. fxg6 Kxg6 49. Rb1 Kf5 50. Rc4 Rb5 51. Rc3 Kxf4 52. Rbxb3 Ra5 53. Rc4+ Ke5 54. Rbc3 Kd5 55. Rg4 Ra2+ 56. Kf3 Kc6 57. Rxg7 Kb5 58. Rg5 Kb4 59. Rcxc5 Rh2 60. Rcf5 Rh3+ 61. Kg4 Rc3 62. Rf4+ Kb3 63. Rf3 1-0


[Site "https://www.chess.com"]

[Event "Titled Tuesday Blitz April 05 Early 2022"]
[White "Jain, Naveen"]
[Black "Manon-og, Ramon Jr."]
[WhiteFideId "5003970"]
[BlackFideId "5200776"]
[WhiteElo "2036"]
[BlackElo "2245"]
[Result "0-1"]
[Round "05"]
[TimeControl "180+1"]
[Date "2022.04.05"]
[WhiteClock "0:01:27"]
[BlackClock "0:00:42"]

1. e4 c5 2. Nf3 d6 3. Bc4 Nc6 4. a4 e6 5. Nc3 Be7 6. d3 Nf6 7. Be3 d5 8. exd5 exd5 9. Ba2 d4 10. Ne2 dxe3 11. fxe3 O-O 12. O-O Ng4 13. Qd2 Bg5 14. Nxg5 Qxg5 15. Rf3 Be6 16. Rg3 Qe5 17. Bxe6 Qxe6 18. Nf4 Qd7 19. h3 Nf6 20. Rf1 Rae8 21. Qc3 Re5 22. Ne2 Nh5 23. Rg4 Rxe3 24. Nf4 Nf6 25. Qxf6 Qxg4 26. hxg4 gxf6 27. Nd5 Re6 28. Nxf6+ Kh8 29. Nh5 Nd4 30. Kh2 f5 31. Rh1 fxg4 32. Kg3 Ne2+ 33. Kxg4 Rg6+ 34. Kh4 Rxg2 35. Kh3 Rfg8 36. Rf1 Ng1+ 37. Rxg1 Rxg1 38. Nf4 Rh1# 0-1


[Site "https://www.chess.com"]

[Event "Titled Tuesday Blitz April 05 Early 2022"]
[White "Jaskolka, Tomasz"]
[Black "Yang, Kaiqi"]
[WhiteFideId "1170791"]
[BlackFideId "8604398"]
[WhiteElo "2073"]
[BlackElo "2373"]
[Result "0-1"]
[Round "05"]
[TimeControl "180+1"]
[Date "2022.04.05"]
[WhiteClock "0:00:34"]
[BlackClock "0:00:24"]

1. d4 e6 2. Bf4 f5 3. e3 Nf6 4. c3 Be7 5. Nd2 O-O 6. Ngf3 d6 7. Bd3 Nc6 8. Bc2 Nh5 9. Bg3 Qe8 10. Qe2 g5 11. O-O-O a5 12. h4 g4 13. Ne1 Bd7 14. e4 Qf7 15. exf5 exf5 16. Bb3 d5 17. a3 a4 18. Ba2 f4 19. Bh2 Kh8 20. Nd3 Bd6 21. Ne5 Bxe5 22. dxe5 Rae8 23. Rde1 Rxe5 24. Qd3 Bf5 25. Qb5 Bg6 26. Qxb7 Rfe8 27. Rxe5 Nxe5 28. Bb1 Nd3+ 29. Bxd3 Bxd3 30. f3 g3 31. Bg1 Re1# 0-1


[Site "https://www.chess.com"]

[Event "Titled Tuesday Blitz April 05 Early 2022"]
[White "Kaminski, Victor"]
[Black "Rozhkov, Viacheslav"]
[WhiteFideId "1131630"]
[BlackFideId "4181484"]
[WhiteElo "2181"]
[BlackElo "2324"]
[Result "1-0"]
[Round "05"]
[TimeControl "180+1"]
[Date "2022.04.05"]
[WhiteClock "0:00:08"]
[BlackClock "0:00:01"]

1. e4 c5 2. Nf3 Nc6 3. Bb5 e6 4. O-O Nge7 5. d4 cxd4 6. Nxd4 Nxd4 7. Qxd4 Nc6 8. Qe3 Be7 9. Rd1 O-O 10. c4 Qc7 11. Nc3 Ne5 12. Qg3 d6 13. Bf4 Bf6 14. Rac1 a6 15. Ba4 b6 16. h4 Kh8 17. h5 h6 18. Bc2 Bb7 19. b3 Rad8 20. Ne2 Qe7 21. Be3 b5 22. cxb5 axb5 23. Bb1 Rc8 24. Nc3 b4 25. Nb5 Rfd8 26. Rxc8 Bxc8 27. Bd2 d5 28. Bf4 Nc6 29. Bd6 Qe8 30. e5 Be7 31. Qd3 Qg8 32. f4 Ba6 33. Bxe7 Nxe7 34. Qe2 Rb8 35. Bd3 Bxb5 36. Bxb5 Nf5 37. Bd3 Ne7 38. Bb1 Rc8 39. Qd2 g6 40. Qxb4 gxh5 41. Qxe7 Qg7 42. Qh4 Rg8 43. Qf6 Qxf6 44. exf6 Rf8 45. a4 Rb8 46. Bc2 Rb4 47. g3 Kg8 48. Kg2 h4 49. Rh1 hxg3 50. Rxh6 Rd4 51. Bh7+ 1-0


[Site "https://www.chess.com"]

[Event "Titled Tuesday Blitz April 05 Early 2022"]
[White "Khamdamova, Afruza"]
[Black "Zlatin, Alexander"]
[WhiteFideId "14210444"]
[BlackFideId "2810549"]
[WhiteElo "1660"]
[BlackElo "2228"]
[Result "0-1"]
[Round "05"]
[TimeControl "180+1"]
[Date "2022.04.05"]
[WhiteClock "0:00:02"]
[BlackClock "0:00:56"]

1. e4 e5 2. Nf3 Nc6 3. Bb5 a6 4. Ba4 Nf6 5. O-O Nxe4 6. d4 b5 7. Bb3 d5 8. dxe5 Be6 9. c3 Bc5 10. Nbd2 O-O 11. Bc2 Nxf2 12. Rxf2 f6 13. exf6 Qxf6 14. Nb3 Bxf2+ 15. Kxf2 Rae8 16. Nd4 Ne5 17. Kg1 Bg4 18. Bd2 c5 19. h3 Bh5 20. Bg5 Nxf3+ 21. Nxf3 Bxf3 22. Bxf6 Bxd1 23. Rxd1 Rxf6 24. Rxd5 c4 25. b3 g6 26. bxc4 bxc4 27. Ba4 Re1+ 28. Kh2 Re2 29. Rd4 Rxa2 30. Rxc4 Kg7 31. Bc6 Rc2 32. Bd5 Rd6 33. Rc7+ Kf6 34. Be4 Rc1 35. c4 Rd4 0-1


[Site "https://www.chess.com"]

[Event "Titled Tuesday Blitz April 05 Early 2022"]
[White "Khripachenko, Alexander"]
[Black "Bas Mas, Jose Joaquin"]
[WhiteFideId "54184975"]
[BlackFideId "22219064"]
[WhiteElo "2193"]
[BlackElo "2212"]
[Result "1-0"]
[Round "05"]
[TimeControl "180+1"]
[Date "2022.04.05"]
[WhiteClock "0:02:07"]
[BlackClock "0:00:12"]

1. d4 f5 2. c4 Nf6 3. g3 e6 4. Bg2 Bb4+ 5. Nd2 O-O 6. Nf3 d6 7. O-O Bxd2 8. Qxd2 Ne4 9. Qc2 b6 10. b3 Bb7 11. Ng5 Qf6 12. Nxe4 fxe4 13. Bxe4 Bxe4 14. Qxe4 Nd7 15. Bb2 Rac8 16. Rad1 Qf7 17. Qc2 Rfe8 18. e4 e5 19. dxe5 Nxe5 20. f4 Ng4 21. Qe2 h5 22. h3 Nh6 23. Kg2 Re7 24. Rde1 Rce8 25. Qf3 Kh7 26. e5 Nf5 27. Kh2 g6 28. g4 Nh6 29. Kg3 Rg8 30. exd6 cxd6 31. Qd5 Qe8 32. Qd2 hxg4 33. hxg4 Rxe1 34. Rxe1 Qd7 35. Qe2 Re8 36. Qxe8 Qxg4+ 37. Kf2 Qxf4+ 38. Ke2 Qh2+ 39. Kd1 Qh5+ 40. Qe2 1-0


[Site "https://www.chess.com"]